 Dungeon Crawl Stone Soup version 0.32-a0-814-g0968bab981 (console) character file.

Game seed: 7834861814281055412

716 petzl the Sneak (level 8, -5/56 (62) HPs)
             Began as a Formicid Delver on Mar 22, 2024.
             Slain by a wight
             ... wielding a +5 halberd
              (10 damage)
             ... on level 7 of the Dungeon.
             The game lasted 00:28:35 (3426 turns).

petzl the Sneak (Formicid Delver)                   Turns: 3426, Time: 00:28:36

HP:   -5/56 (62)    AC:  5    Str: 16    XL:     8   Next: 1%
MP:   15/15         EV: 11    Int: 19    God:
Gold: 241           SH:  0    Dex: 15    Spells: 17/17 levels left

rFire   . . .        n - +0 long sword
rCold   . . .        (no shield)
rNeg    . . .        o - +0 leather armour
rPois   .            (helmet unavailable)
rElec   .            (no cloak)
rCorr   .            i - +0 pair of gloves
SInv    +            h - +0 pair of boots
Will    .....        q - amulet of magic regeneration
Stlth   +++          t - +6 ring of intelligence
HPRegen 0.29/turn    (no ring)
MPRegen 0.54/turn

%: no passive effects
@: drained
A: permanent stasis, dig shafts and tunnels, antennae 3, four strong arms
a: Dig, Shaft Self


You were on level 7 of the Dungeon.
You visited 1 branch of the dungeon, and saw 12 of its levels.

You collected 241 gold pieces.

Inventory:

Hand Weapons
 a - a +2 dagger of venom {!f =f}
 b - a +0 sling
 g - a +0 mace
 n - a +0 long sword (weapon)
 v - a +3 halberd
Missiles
 r - 3 javelins
Armour
 h - a +0 pair of boots (worn)
 i - a +0 pair of gloves (worn)
 o - a +0 leather armour (worn)
Magical Staves
 l - a staff of death
Jewellery
 c - an amulet of faith
 q - an amulet of magic regeneration (around neck)
 t - a +6 ring of intelligence (left hand)
Wands
 f - a wand of digging (4)
Scrolls
 d - a scroll of vulnerability {unknown}
 m - a scroll of enchant armour {unknown}
 u - a scroll of immolation
 y - a scroll of amnesia {unknown}
 A - a scroll of revelation
Potions
 e - a potion of mutation {unknown}
 j - a potion of curing {unknown}
 k - a potion of cancellation {unknown}
 p - a potion of enlightenment {unknown}
 s - 2 potions of berserk rage {unknown}
 w - 3 potions of attraction {unknown}
 x - a potion of might {unknown}
 z - a potion of degeneration {unknown}


   Skills:
 - Level 5.0 Fighting
 - Level 3.0 Short Blades
 - Level 2.0 Maces & Flails
 - Level 4.0 Ranged Weapons
 - Level 1.7 Dodging
 - Level 6.0 Stealth
 + Level 5.0 Spellcasting


You had 17 spell levels left.
You didn't know any spells.
Your spell library contained the following spells:

 Spells                   Type           Power      Damage    Failure   Level
 Ensorcelled Hibernation  Hex/Ice        8%         N/A       22%         2
 Lesser Beckoning         Tloc           8%         N/A       22%         2
 Momentum Strike          Conj/Tloc      8%         3d8       22%         2
 Passwall                 Erth           4%         N/A       41%         3
 Blink                    Tloc           Unusable   N/A       N/A         2
 Swiftness                Air            Unusable   N/A       N/A         3

Dungeon Overview and Level Annotations

Branches:
Dungeon (14/15)               Orc (0/2) D:12
 Temple: D:4-7         Lair: D:8-11      Vaults: D:13-14

Altars:
Okawaru
Sif Muna
Lugonu

Annotations:
D:3 exclusion: downstairs, Natasha
D:5 Pikel
D:6 exclusions: howler monkey and scorpion
D:7 exclusions: downstairs, sensed monster (detected) and water moccasin
D:8 exclusion: sky beast
D:9 exclusion: skeletal warrior
D:10 exclusions: centaur and upstairs
D:11 exclusions: downstairs, killer bee and ugly thing
D:13 exclusions: 2 downstairs, manticore and two-headed ogre


Innate Abilities, Weirdness & Mutations

You cannot be hasted, slowed, berserked, paralysed or teleported.
You can dig through walls and to a lower floor.
You have a pair of large antennae on your head. (SInv)
Your four strong arms can wield two-handed weapons with a shield.


Message History

A stone staircase leading down.
Placed new exclusion.
Reduced exclusion size to a single square.
Unknown command.
A wight comes into view.
It is wielding a +5 halberd and wearing a +2 robe of willpower.
A wight comes into view. It is wielding a +2 battleaxe.
Okay, then.
Unknown command.
You see here a +0 chain mail.
You shoot a sling bullet.
The sling bullet hits the wight but does no damage.
You shoot a sling bullet.
The sling bullet hits the wight but does no damage.
Okay, then.
Unknown command.
Unknown command.
Unknown command.
Unknown command.
n - a +0 long sword (weapon)
The wight hits you with a +5 halberd.
You barely miss the wight. The wight hits you with a +5 halberd!
You feel drained. The wight hits you with a +5 halberd.
You feel drained.
You barely miss the wight. The wight hits you with a +5 halberd!
You hit the wight.
The wight is lightly damaged.
The wight closely misses you.
You closely miss the wight.
The wight is lightly damaged.
The wight hits you with a +5 halberd!!
* * * LOW HITPOINT WARNING * * *
The wight hits you with a +5 halberd!
* * * LOW HITPOINT WARNING * * *
You feel drained.
* * * LOW HITPOINT WARNING * * *
Unknown command.
Unknown command.
Unknown command.
Are you sure you want to shaft yourself?
The wight hits you with a +5 halberd!
You die...

+ #. { .### ..#
####.#####
#...>....#
#[.......#
#........#
#(.......#
#..@.....#
#..z.....#
#........###
#..........#
###........#
#.......(#
#........#
##.#######
###### #.#
#....# #.#
#....# ##.# ...
#....#####..#
#..#
#....##..{.##
#..#
#.......####
#..# #.....[.#
#..# #......##
###..#######..##
#.......z....##
#....z...#####


You could see a wight.

Vanquished Creatures
  2 orc warriors (D:10)
  A bullfrog (D:10)
  4 wights (D:10)
  An orc priest (D:8)
  7 orc wizards
  Natasha (D:3)
  2 adders (D:6)
  6 orcs
  A giant cockroach (D:4)
  2 goblins (D:3)
27 creatures vanquished.

Notes
Turn   | Place    | Note
-------+----------+-------------------------------------------
     0 | D:5      | petzl the Formicid Delver began the quest for the Orb.
     0 | D:5      | Reached XP level 1. HP: 18/18 MP: 1/1
    16 | D:6      | Reached skill level 1 in Spellcasting
    16 | D:6      | Reached XP level 2. HP: 24/24 MP: 1/4
    29 | D:6      | Noticed a howler monkey
    62 | D:6      | Noticed a scorpion
   150 | D:7      | Noticed a water moccasin
   408 | D:4      | Noticed a bombardier beetle
   431 | D:3      | Reached XP level 3. HP: 28/29 MP: 6/6
   438 | D:3      | Noticed Natasha
   476 | D:3      | Killed Natasha
   518 | D:3      | Noticed Natasha
   669 | D:3      | You fall into a shaft and drop 3 floors!
   735 | D:5      | Noticed an ogre
   759 | D:5      | Noticed Pikel
   761 | D:5      | Noticed a lemure
   763 | D:5      | You fall into a shaft and drop 3 floors!
  1018 | D:8      | Found an iron altar of Okawaru.
  1064 | D:8      | Noticed a sky beast
  1124 | D:8      | Reached skill level 1 in Ranged Weapons
  1124 | D:8      | Reached XP level 4. HP: 17/35 MP: 9/9
  1204 | D:8      | Noticed a wight
  1224 | D:8      | Noticed a wight
  1224 | D:8      | Noticed a wight
  1252 | D:8      | Noticed a wight
  1253 | D:8      | You fall into a shaft and drop 3 floors!
  1343 | D:11     | Noticed a red ugly thing
  1422 | D:10     | Entered Level 10 of the Dungeon
  1473 | D:10     | Noticed a wight
  1473 | D:10     | Noticed a wight
  1496 | D:10     | Killed a wight
  1496 | D:10     | Killed a wight
  1497 | D:10     | Reached skill level 1 in Short Blades
  1497 | D:10     | Reached XP level 5. HP: 42/42 MP: 10/10
  1531 | D:10     | Reached XP level 6. HP: 48/48 MP: 11/11
  1650 | D:9      | Noticed a skeletal warrior
  1675 | D:9      | Noticed a skeletal warrior
  1675 | D:9      | Noticed a troll
  1831 | D:10     | Noticed a red ugly thing
  1892 | D:10     | Noticed a gargoyle
  1914 | D:10     | Noticed an orc warrior
  1932 | D:10     | Reached XP level 7. HP: 14/53 MP: 13/13
  2017 | D:10     | You fall into a shaft and drop 2 floors!
  2245 | D:14     | Noticed a centaur warrior
  2380 | D:13     | Noticed a manticore
  2435 | D:13     | Noticed a two-headed ogre
  2448 | D:13     | Noticed a vampire mosquito
  2448 | D:13     | Noticed a vampire mosquito
  2482 | D:12     | Found a corrupted altar of Lugonu.
  2488 | D:12     | Found a staircase to the Orcish Mines.
  2549 | D:13     | Noticed a cyclops
  2659 | D:11     | Noticed a basilisk
  2738 | D:12     | Noticed a vampire
  2925 | D:10     | Found a shimmering blue altar of Sif Muna.
  3147 | D:8      | Reached skill level 5 in Fighting
  3161 | D:8      | Reached skill level 5 in Spellcasting
  3161 | D:8      | Reached XP level 8. HP: 38/62 MP: 15/15
  3426 | D:7      | Slain by a wight

Illustrated notes

Levels and vault maps discovered:
D:3:      layout_basic, gammafunk_ghost_split, uniq_natasha
D:4:      layout_basic, mrwooster_statue_mirror
D:5:      layout_gridville, mainiacjoe_overflow_alcove_2, uniq_pikel
D:6:      layout_basic, grunt_temple_overflow_diamond, temple_green
D:7:      layout_basic, grunt_potential
D:8:      layout_layer_cave, mainiacjoe_overflow_cross_hatched
D:9:      layout_cave_pools
D:10:     layout_roguey, kennysheep_orc_sif_temple, elyvilon_altar_3,
          mainiacjoe_overflow_boulevard,
          mainiacjoe_overflow_concentric_impassable, gammafunk_ghost_cemetery
D:11:     layout_loops_cross, lair_entry_dummy
D:12:     layout_stronghold, orc_0_dummy, serial_rivers,
          chequers_serial_rivers_micro_d, chequers_serial_rivers_micro_a,
          chequers_serial_rivers_micro_d, chequers_serial_rivers_micro_e,
          enter_trove_2, tgw_lugonu_bribe
D:13:     layout_roguey, uniq_rupert, uniq_jorgrun
D:14:     layout_basic, erik_vaults_1, kennysheep_cross_room,
          nicolae_dithmenos_through_a_glass_darkly

Skill      XL: |  1  2  3  4  5  6  7 |
---------------+----------------------+-----
Spellcasting   | 1 2 3 4 5 |  5.0
Ranged Weapons | 1 2 3 4 |  4.0
Short Blades   | 1 2 3 |  3.0
Fighting       | 4 5 |  5.0
Maces & Flails | |  2.0
Dodging        | |  1.7
Stealth        | |  6.0

Action                     |  1- 3 |  4- 6 |  7- 9 || total
---------------------------+-------+-------+-------++-------
  Melee: Long sword        |    17 |       |     4 ||    21
         Dagger            |    11 |    17 |    37 ||    65
   Fire: Sling             |     7 |       |    28 ||    35
Ability: Shaft Self        |     1 |     1 |     2 ||     4
         Dig               |       |     1 |       ||     1
  Evoke: Wand              |       |     6 |     6 ||    12
    Use: Scroll            |       |     3 |     3 ||     6
   Stab: Sleeping          |     2 |       |       ||     2
 Armour: Leather armour    |    23 |    13 |    35 ||    71
  Dodge: Dodged            |    16 |    13 |    20 ||    49

Table legend: (Time is in decaauts)
 A = Elapsed time spent in this place.
 B = Non-inter-level travel time spent in this place.
 C = Inter-level travel time spent in this place.
 D = Time resting spent in this place.
 E = Time spent auto-exploring this place.
 F = Levels seen in this place.
 G = Mean time per level.
                   A        B        C        D        E       F      G
               +--------+--------+--------+--------+--------+-----+--------+
         Total |   3431 |   3305 |    126 |    756 |    342 |  12 |  285.9 |
       Dungeon |   3431 |   3305 |    126 |    756 |    342 |  12 |  285.9 |
               +--------+--------+--------+--------+--------+-----+--------+

Top non-repeatable levels by time:
    D:10: 756 daAuts
     D:8: 704 daAuts
    D:13: 388 daAuts
    D:12: 294 daAuts
    D:11: 269 daAuts
     D:6: 244 daAuts
     D:7: 217 daAuts
     D:3: 216 daAuts
     D:5: 154 daAuts
     D:9: 83 daAuts
     D:4: 69 daAuts
    D:14: 32 daAuts
